 Dungeon Crawl Stone Soup version 0.31-a0-175-g9f7f995f2b (webtiles) character file.

Game seed: 17864073548946418860

646 gelatine the Shooter (level 7, 0/54 HPs)
             Began as a Barachi Hunter on June 16, 2023.
             Slain by Edmund
             ... wielding a +2 dire flail of protection
              (13 damage)
             ... on level 3 of the Dungeon.
             The game lasted 00:12:52 (3579 turns).

gelatine the Shooter (Barachi Hunter)               Turns: 3579, Time: 00:12:52

Health: 0/54       AC:  4    Str: 12    XL:     7   Next: 52%
Magic:  7/7        EV: 13    Int:  9    God:
Gold:   196        SH:  0    Dex: 18    Spells: 6/6 levels left

rFire   . . .        a - +0 shortbow
rCold   . . .        (shield currently unavailable)
rNeg    . . .        c - +0 leather armour
rPois   .            (helmet restricted)
rElec   .            (no cloak)
rCorr   .            (no gloves)
SInv    +            g - +0 pair of boots
Will    .....        u - amulet of regeneration
Stlth   ++           (no ring)
HPRegen 1.09/turn    (no ring)
MPRegen 0.10/turn

%: no passive effects
@: unable to hop, slow
A: amphibious, slowness 1, strong legs 1, +LOS, horns 1, see invisible
a: Hop


You were on level 3 of the Dungeon.
You visited 1 branch of the dungeon, and saw 4 of its levels.
You also visited: Sewer.

You collected 196 gold pieces.

Inventory:

Hand Weapons
 a - a +0 shortbow (weapon)
Armour
 c - a +0 leather armour (worn)
 d - a +0 helmet
 g - a +0 pair of boots (worn)
 m - a +4 chain mail of willpower
Jewellery
 u - an amulet of regeneration (around neck)
Scrolls
 b - a scroll of butterflies
 e - a scroll of amnesia
 j - 3 scrolls of teleportation
 l - a scroll of poison
 n - a scroll of noise {unknown}
 q - a scroll of vulnerability {unknown}
 s - a scroll of acquirement {unknown}
 t - a scroll of enchant weapon {unknown}
 w - a scroll of immolation {unknown}
 y - a scroll of silence {unknown}
 B - a scroll of revelation {unknown}
Potions
 f - a potion of haste
 h - a potion of brilliance
 i - a potion of attraction
 k - a potion of heal wounds
 o - a potion of ambrosia {unknown}
 p - 2 potions of curing
 r - a potion of degeneration {unknown}
 v - 2 potions of berserk rage
 x - a potion of magic {unknown}


   Skills:
 * Level 4.3 Fighting
 * Level 7.1 Ranged Weapons
 * Level 2.4 Armour
 * Level 3.6 Dodging
 * Level 2.4 Stealth


You had 6 spell levels left.
You didn't know any spells.
Your spell library was empty.

Dungeon Overview and Level Annotations

Branches:
Dungeon (4/15)              Sewer (visited)
 Temple: D:4-7

Altars:
Ru
The Shining One

Annotations:
D:3 Edmund
D:4 2 runed translucent doors, knightboat's ghost, amateur DrTm


Innate Abilities, Weirdness & Mutations

You are amphibious.
You cover ground slowly.
You can hop short distances.
You have an extended range of vision and can be seen from far away.
You have a pair of small horns on your head.
You have supernaturally acute eyesight. (SInv)


Message History

Press: ? - help, Q - select action, (/) - cycle Shift-Dir - straight line, f/p - Edmund
Aim: Edmund, wielding a +2 dire flail of protection and wearing a +3 scale mail of fire resistance (severely wounded, 69% to hit)
You shoot an arrow. The arrow barely misses Edmund.
Edmund hits you with a +2 dire flail of protection.
* * * LOW HITPOINT WARNING * * *
Fire: a) +0 shortbow
Press: ? - help, Q - select action, (/) - cycle Shift-Dir - straight line, f/p - Edmund
Aim: Edmund, wielding a +2 dire flail of protection and wearing a +3 scale mail of fire resistance (severely wounded, 69% to hit)
You shoot an arrow. The arrow closely misses Edmund.
Edmund barely misses you.
Fire: a) +0 shortbow
Press: ? - help, Q - select action, (/) - cycle Shift-Dir - straight line, f/p - Edmund
Aim: Edmund, wielding a +2 dire flail of protection and wearing a +3 scale mail of fire resistance (severely wounded, 69% to hit)
You shoot an arrow.
The arrow hits Edmund but does no damage.
Edmund is severely wounded.
Edmund barely misses you.
Fire: a) +0 shortbow
Press: ? - help, Q - select action, (/) - cycle Shift-Dir - straight line, f/p - Edmund
Aim: Edmund, wielding a +2 dire flail of protection and wearing a +3 scale mail of fire resistance (severely wounded, 69% to hit)
You shoot an arrow. The arrow hits Edmund.
Edmund is severely wounded.
Edmund misses you.
Fire: a) +0 shortbow
Press: ? - help, Q - select action, (/) - cycle Shift-Dir - straight line, f/p - Edmund
Aim: Edmund, wielding a +2 dire flail of protection and wearing a +3 scale mail of fire resistance (severely wounded, 69% to hit)
You shoot an arrow.
The arrow hits Edmund but does no damage.
Edmund is severely wounded.
Edmund hits you with a +2 dire flail of protection!
* * * LOW HITPOINT WARNING * * *
Fire: a) +0 shortbow
Press: ? - help, Q - select action, (/) - cycle Shift-Dir - straight line, f/p - Edmund
Aim: Edmund, wielding a +2 dire flail of protection and wearing a +3 scale mail of fire resistance (severely wounded, 69% to hit)
You shoot an arrow.
The arrow hits Edmund but does no damage.
Edmund is severely wounded.
Edmund misses you.
Edmund hits you with a +2 dire flail of protection!
You die...

#.........# #.............
#........## #.....####....
#.###..### #........#....
#.###..###### #.##..########
#.#...[.....####.....#######
#.'........................#
###..........###.###.#####.##
#..........##......#####...
#.........@................
#.........@....))).........
#..........####<##.#####...
#..........# #.....# ##.#
#..........###..##.# #.'
#...............##.# ###
#...............##.# #
#............)..##'########
##+#######................#


You could see Edmund.

Vanquished Creatures
  An ogre (D:3)
  A bullfrog (D:3)
  A scorpion (D:4)
  A jelly (D:4)
  A hound (D:4)
  Jessica (D:2)
  Terence (D:2)
  An iguana (D:4)
  3 gnolls (D:3)
  5 adders
  8 river rats (Sewer)
  A worm (D:2)
  7 dart slugs
  5 orcs
  17 ball pythons
  7 bats
  10 endoplasms
  8 giant cockroaches
  8 goblins
  9 hobgoblins
  3 jackals (D:2)
  3 quokkas
  4 frilled lizards
  20 kobolds
  24 rats
150 creatures vanquished.

Notes
Turn   | Place    | Note
-------+----------+-------------------------------------------
     0 | D:1      | gelatine the Barachi Hunter began the quest for the Orb.
     0 | D:1      | Reached XP level 1. HP: 17/17 MP: 1/1
    69 | D:1      | Reached skill level 1 in Stealth
   123 | D:1      | Reached XP level 2. HP: 23/23 MP: 2/2
   312 | D:1      | Reached XP level 3. HP: 28/28 MP: 3/3
   960 | D:2      | Noticed Jessica
   962 | D:2      | Killed Jessica
   963 | D:2      | Reached skill level 5 in Ranged Weapons
   963 | D:2      | Reached skill level 1 in Armour
   963 | D:2      | Reached XP level 4. HP: 35/35 MP: 4/4
  1175 | D:2      | Found a sacrificial altar of Ru.
  1198 | D:2      | Noticed Terence
  1218 | D:2      | Killed Terence
  1367 | D:2      | Reached XP level 5. HP: 38/41 MP: 5/5
  2372 | D:3      | Found a glowing golden altar of the Shining One.
  2522 | D:4      | Found a glowing drain.
  2528 | D:4      | Reached XP level 6. HP: 43/47 MP: 6/6
  2540 | Sewer    | Entered a sewer
  2581 | Sewer    | Reached skill level 6 in Ranged Weapons
  3057 | D:4      | Noticed Edmund
  3079 | D:3      | HP: 2/72 [bullfrog (4)]
  3082 | D:3      | Reached XP level 7. HP: 5/53 MP: 7/7
  3128 | D:3      | Gained mutation: You have supernaturally acute eyesight.
                  | (SInv) [potion of mutation]
  3128 | D:3      | Gained mutation: Your movements are slightly less
                  | encumbered by armour. (ER -2) [potion of mutation]
  3128 | D:3      | Gained mutation: Armour fits poorly on your strangely
                  | shaped body. [potion of mutation]
  3241 | D:4      | Reached skill level 7 in Ranged Weapons
  3379 | D:4      | Found a runed translucent door.
  3384 | D:4      | Noticed knightboat's ghost (amateur DrTm)
  3418 | D:4      | Found a runed translucent door.
  3567 | D:3      | Lost mutation: Your movements are slightly less encumbered
                  | by armour. (ER -2) [potion of mutation]
  3567 | D:3      | Lost mutation: Armour fits poorly on your strangely shaped
                  | body. [potion of mutation]
  3567 | D:3      | Gained mutation: You have a pair of small horns on your
                  | head. [potion of mutation]
  3579 | D:3      | Slain by Edmund

Illustrated notes

Levels and vault maps discovered:
D:1:      wander_arrival_fairy_ring, layout_loops_corners
D:2:      layout_basic, basic_altar, chequers_avenue,
          minmay_fractal_squares_gapless_5, uniq_terence, uniq_jessica
D:3:      layout_basic, nicolae_overflow_crystal_walls,
          minmay_misc_feat_nine_boxes
D:4:      layout_cave_pools, ebering_ghost_sewer_f, gup_sewer_entry_glass,
          uniq_edmund

Skill      XL: |  1  2  3  4  5  6  7 |
---------------+----------------------+-----
Stealth        | 1 2 |  2.4
Fighting       | 3 4 |  4.3
Ranged Weapons | 5 6 7 |  7.1
Armour         | 1 2 |  2.4
Dodging        | 3 |  3.6

Action                     |  1- 3 |  4- 6 |  7- 9 || total
---------------------------+-------+-------+-------++-------
  Melee: Shortbow          |       |     4 |       ||     4
   Fire: Shortbow          |    94 |   299 |   101 ||   494
Ability: Hop               |       |     1 |     3 ||     4
    Use: Scroll            |       |     3 |     3 ||     6
         Potion            |       |     2 |     5 ||     7
 Armour: Leather armour    |     5 |    42 |     6 ||    53
  Dodge: Dodged            |    33 |   110 |    56 ||   199

Table legend: (Time is in decaauts)
 A = Elapsed time spent in this place.
 B = Non-inter-level travel time spent in this place.
 C = Inter-level travel time spent in this place.
 D = Time resting spent in this place.
 E = Time spent auto-exploring this place.
 F = Levels seen in this place.
 G = Mean time per level.
                   A        B        C        D        E       F      G
               +--------+--------+--------+--------+--------+-----+--------+
         Total |   4201 |   4032 |    169 |      0 |   2924 |   5 |  840.2 |
       Dungeon |   3642 |   3473 |    169 |      0 |   2590 |   4 |  910.5 |
         Sewer |    559 |    559 |      0 |      0 |    334 |   1 |  559.0 |
               +--------+--------+--------+--------+--------+-----+--------+

Top non-repeatable levels by time:
     D:2: 1134 daAuts
     D:3: 1065 daAuts
     D:1: 1036 daAuts
   Sewer: 559 daAuts
     D:4: 405 daAuts
